 Dungeon Crawl Stone Soup version 0.31-a0-182-gc5ef74bbde (webtiles) character file.

Game seed: 18328316145771702530

984 qw the Chopper (level 8, -6/49 HPs)
             Began as a Gargoyle Fighter on June 20, 2023.
             Mangled by an ogre
             ... wielding a +0 giant club
              (25 damage)
             ... on level 5 of the Dungeon.
             The game lasted 00:02:21 (4464 turns).

qw the Chopper (Gargoyle Fighter)                   Turns: 4464, Time: 00:02:22

Health: -6/49      AC: 16    Str: 21    XL:     8   Next: 17%
Magic:  8/8        EV:  8    Int: 10    God:
Gold:   266        SH:  4    Dex:  9    Spells: 7/7 levels left

rFire   . . .        Y - +0 war axe
rCold   + . .        c - +0 buckler
rNeg    + . .        i - +0 chain mail
rPois   inf          n - +1 helmet
rElec   +            (no cloak)
rCorr   .            (no gloves)
SInv    .            (no boots)
Will    .....        (no amulet) Stlth
                     f - ring of protection from cold
HPRegen 0.28/turn    (no ring)
MPRegen 0.11/turn

%: no passive effects
@: no status effects
A: sickness immunity, AC +5, negative energy resistance 1, electricity
resistance, torment resistance 1, petrification resistance
a: no special abilities


You were on level 5 of the Dungeon.
You visited 1 branch of the dungeon, and saw 5 of its levels.
You also visited: Ossuary.

You collected 266 gold pieces.


Innate Abilities, Weirdness & Mutations

You are immune to sickness and miasma.
Your stone body is resilient. (AC +5)
You are immune to poison.
You resist negative energy. (rN+)
You are resistant to electric shocks. (rElec)
You are resistant to unholy torment.
You are immune to petrification.


   Skills:
 - Level 5.0 Fighting
 + Level 7.6 Axes
 - Level 1.0 Throwing
 - Level 3.2 Armour
 - Level 1.4 Dodging
 - Level 3.2 Shields


You had 7 spell levels left.
You didn't know any spells.
Your spell library was empty.

Inventory:

Hand Weapons
 p - a +0 morningstar
 Y - a +0 war axe (weapon)
Missiles
 g - a boomerang (quivered)
Armour
 c - a +0 buckler (worn)
 i - a +0 chain mail (worn)
 l - a +1 ring mail of fire resistance
 n - a +1 helmet (worn)
Jewellery
 f - a ring of protection from cold (left hand)
Scrolls
 a - 4 scrolls of identify
Potions
 b - 2 potions of curing
 d - 2 potions of might
 e - 4 potions of enlightenment
 h - 3 potions of heal wounds
 j - 3 potions of lignification
 k - a potion of cancellation
 o - 3 potions of haste

Dungeon Overview and Level Annotations

Branches:
Dungeon (5/15)            Ossuary (visited)
 Temple: D:4-7

Altars:
Xom

Shops:
D:4 =


Message History

4453 ||| Stepping ~*~*~tactically~*~*~ (stealth).
You throw a boomerang. The boomerang barely misses the orc.
You throw a boomerang. The boomerang hits the orc.
The orc is lightly wounded.
You barely miss the orc.
The orc is lightly wounded.
You block the orc's attack.
You barely miss the orc.
The orc is lightly wounded.
The orc barely misses you.
You slash the orc!
You kill the orc!
You slash the ogre! The ogre barely misses you.
You barely miss the ogre.
The ogre is moderately wounded.
The ogre hits you with a +0 giant club. The orc barely misses you.
You closely miss the ogre.
The ogre is moderately wounded.
You closely miss the orc. The orc closely misses you.
The ogre closely misses you.
You barely miss the ogre.
The ogre is moderately wounded.
You hit the orc. The orc completely misses you.
You hit the orc.
The orc is severely wounded.
You slash the ogre! The ogre hits you with a +0 giant club!
The orc hits you but does no damage.
You closely miss the orc.
The orc is severely wounded.
You hit the ogre. The orc hits you with a +0 flail.
The ogre hits you with a +0 giant club!
You hit the ogre.
The ogre is almost dead.
You hit the orc.
You kill the orc!
The ogre hits you with a +0 giant club!!
Ouch! That really hurt!
You die...

.#...#..................
...###.....#.####.....
## ####.........#...
##.#..##.)..##
#..#.##...###
##.#....#.### .
#..#......##


oo. ########.....###... .....##)@................ ....$..O######.....######
.....#### ####### # .... # ... # ## # # # You could see an ogre.

Vanquished Creatures
  A black bear (D:4)
  An ogre (D:4)
  2 water moccasin zombies (Ossuary)
  A scorpion (D:4)
  A hound (D:5)
  An orc priest (D:3)
  2 jellies (D:5)
  Terence (D:2)
  2 iguanas
  Natasha (twice) (D:3)
  2 orc wizards
  2 mummies (Ossuary)
  10 adders
  4 gnolls (D:4)
  3 river rats (D:4)
  An ufetubus (D:4)
  7 adder zombies (Ossuary)
  3 dart slugs
  5 worms (D:4)
  9 orcs
  6 ball pythons
  5 bats
  7 endoplasms
  4 giant cockroaches
  8 goblins
  4 hobgoblins
  7 jackals
  3 quokkas
  3 frilled lizards
  2 gnoll zombies (Ossuary)
  5 hobgoblin zombies (Ossuary)
  5 kobolds
  7 kobold zombies (Ossuary)
  3 orc zombies (Ossuary)
  8 rats
137 creatures vanquished.

Notes
Turn   | Place    | Note
-------+----------+-------------------------------------------
     0 | D:1      | qw the Gargoyle Fighter began the quest for the Orb.
     0 | D:1      | Reached XP level 1. HP: 14/14 MP: 1/1
     0 | D:1      | 0 ||| qw: Version: 0.3-a-9-g12657ce
     0 | D:1      | 0 ||| qw: Game counter: 1401
     0 | D:1      | 0 ||| qw: Always use a shield: true
     0 | D:1      | 0 ||| qw: God list: Okawaru
     0 | D:1      | 0 ||| qw: Allow faded altars: false
     0 | D:1      | 0 ||| qw: Do Orc after D:15 true
     0 | D:1      | 0 ||| qw: Do second Lair branch before Depths: true
     0 | D:1      | 0 ||| qw: Lair rune preference: random
     0 | D:1      | 0 ||| qw: Plans: Normal, Zot:1-4, Slime:5, God:TSO, Crypt,
                  | Tomb, Abyss, Pan, Hells, Win
     0 | D:1      | 0 ||| PLANNING D:1-11
    54 | D:1      | Reached skill level 2 in Axes
    60 | D:1      | 60 ||| FLEEEEING.
   105 | D:1      | Reached XP level 2. HP: 19/19 MP: 2/2
   105 | D:1      | 105 ||| Stepping ~*~*~tactically~*~*~ (stealth).
   107 | D:1      | 107 ||| Stepping ~*~*~tactically~*~*~ (hiding).
   690 | D:1      | 690 ||| Stepping ~*~*~tactically~*~*~ (stealth).
   700 | D:1      | Reached skill level 3 in Axes
  1006 | D:1      | 1006 ||| DROPPING orb of mayhem.
  1007 | D:1      | 1007 ||| READING scroll labelled SUDIETHR SASIE.
  1008 | D:1      | 1008 ||| READING scroll labelled DEZUTZY JODUYNERGH.
  1009 | D:1      | 1009 ||| READING 2 scrolls labelled CEHAYCVEOG.
  1010 | D:1      | 1010 ||| DROPPING scroll of revelation.
  1052 | D:2      | Reached XP level 3. HP: 23/23 MP: 3/3
  1072 | D:2      | 1072 ||| Stepping ~*~*~tactically~*~*~ (stealth).
  1118 | D:2      | 1118 ||| Stepping ~*~*~tactically~*~*~ (stealth).
  1120 | D:2      | 1120 ||| Stepping ~*~*~tactically~*~*~ (hiding).
  1121 | D:2      | 1121 ||| Stepping ~*~*~tactically~*~*~ (hiding).
  1248 | D:2      | Reached XP level 4. HP: 22/28 MP: 4/4
  1325 | D:2      | Noticed Terence
  1334 | D:2      | Killed Terence
  1335 | D:2      | Reached skill level 4 in Axes
  1342 | D:2      | 1342 ||| DROPPING +0 whip.
  1354 | D:2      | Found a shimmering altar of Xom.
  1599 | D:2      | 1599 ||| UPGRADING to +0 chain mail.
  1609 | D:2      | 1609 ||| DROPPING +0 scale mail.
  1610 | D:2      | 1610 ||| UPGRADING to ring of protection from cold.
  1611 | D:2      | 1611 ||| READING 2 scrolls labelled XUIBOU ZYMEZUP.
  1612 | D:2      | 1612 ||| READING scroll labelled UDAUS TUATUH.
  1613 | D:2      | 1613 ||| DRINKING 2 ruby potions.
  1663 | D:2      | 1663 ||| READING 3 scrolls of identify.
  1663 | D:2      | 1663 ||| IDENTIFYING sedimented amethyst potion
  1664 | D:2      | 1664 ||| READING 2 scrolls of identify.
  1664 | D:2      | 1664 ||| IDENTIFYING green potion
  1665 | D:2      | 1665 ||| DROPPING scroll of poison.
  1740 | D:3      | Reached XP level 5. HP: 27/32 MP: 5/5
  1973 | D:3      | Noticed Natasha
  1988 | D:3      | Killed Natasha
  2169 | D:3      | 2169 ||| Stepping ~*~*~tactically~*~*~ (hiding).
  2185 | D:3      | HP: 6/32 [orc priest/+0 flail (4)]
  2188 | D:3      | Reached skill level 5 in Axes
  2192 | D:3      | HP: 2/33 [orc wizard/puff of flame (6)]
  2354 | D:3      | 2354 ||| DROPPING +0 mace.
  2473 | D:3      | Reached XP level 6. HP: 31/38 MP: 6/6
  2568 | D:3      | Noticed Natasha
  2569 | D:3      | 2569 ||| Stepping ~*~*~tactically~*~*~ (hiding).
  2571 | D:3      | 2571 ||| Stepping ~*~*~tactically~*~*~ (hiding).
  2584 | D:3      | Killed Natasha
  2627 | D:3      | 2627 ||| UPGRADING to +0 helmet.
  2632 | D:3      | 2632 ||| READING 6 scrolls of identify.
  2632 | D:3      | 2632 ||| IDENTIFYING black potion
  2648 | D:4      | 2648 ||| PLANNING OSSUARY
  2911 | D:4      | Noticed a black bear
  2919 | D:4      | Killed a black bear
  2920 | D:4      | Reached skill level 6 in Axes
  2991 | D:4      | Reached skill level 1 in Dodging
  2991 | D:4      | Reached XP level 7. HP: 43/43 MP: 7/7
  3217 | D:4      | Found a sand-covered staircase.
  3218 | D:4      | 3218 ||| UPGRADING to +1 helmet.
  3228 | D:4      | 3228 ||| DROPPING +0 helmet.
  3232 | Ossuary  | Entered an ossuary
  3414 | Ossuary  | Reached skill level 7 in Axes
  3446 | Ossuary  | 3446 ||| READING scroll labelled GOAMOSTUENT.
  3447 | Ossuary  | 3447 ||| READING scroll labelled HAOPNU QEUSMUA.
  3448 | Ossuary  | 3448 ||| RIP SEWER
  3448 | Ossuary  | 3448 ||| DRINKING 4 lumpy cyan potions.
  3449 | Ossuary  | 3449 ||| READING 6 scrolls of identify.
  3449 | Ossuary  | 3449 ||| IDENTIFYING viscous yellow potion
  3450 | Ossuary  | 3450 ||| READING 5 scrolls of identify.
  3450 | Ossuary  | 3450 ||| IDENTIFYING lumpy blue potion
  3451 | Ossuary  | 3451 ||| DROPPING potion of brilliance.
  3458 | D:4      | 3458 ||| RIP SEWER
  3459 | D:4      | 3459 ||| PLANNING D:1-11
  3927 | D:4      | Reached skill level 1 in Throwing
  4035 | D:4      | Found Bofusic's Jewellery Boutique.
  4041 | D:4      | 4041 ||| SHOPLISTING +4 ring of slaying (858 gold, have
                  | 176).
  4041 | D:4      | 4041 ||| SHOPLISTING amulet of regeneration (330 gold, have
                  | 176).
  4041 | D:4      | 4041 ||| SHOPLISTING ring "Xuddeenk" {rElec Str+2 Int+6
                  | Dex+3} (665 gold, have 176).
  4041 | D:4      | 4041 ||| SHOPLISTING ring of ice (275 gold, have 176).
  4041 | D:4      | 4041 ||| SHOPLISTING ring of protection from cold (275
                  | gold, have 176).
  4063 | D:5      | Entered Level 5 of the Dungeon
  4070 | D:5      | 4070 ||| DROPPING +0 flail.
  4117 | D:5      | Reached XP level 8. HP: 49/49 MP: 8/8
  4453 | D:5      | 4453 ||| Stepping ~*~*~tactically~*~*~ (stealth).
  4464 | D:5      | Mangled by an ogre

Levels and vault maps discovered:
D:1:      reono_arrival_mine, layout_basic, minivault_23
D:2:      layout_rooms, basic_altar, item_on_display_a, uniq_terence
D:3:      layout_basic, uniq_natasha
D:4:      layout_gridville, serial_shops, kennysheep_little_box,
          lightli_sewer_entry_pipes, nicolae_ossuary_entry_plus
D:5:      layout_rooms

Skill      XL: |  1  2  3  4  5  6  7 |
---------------+----------------------+-----
Axes           | 2 3 4 5 6 7 |  7.6
Fighting       | 4 5 |  5.0
Dodging        | 1 |  1.4
Throwing       | 1 |  1.0
Armour         | |  3.2
Shields        | |  3.2

Action                     |  1- 3 |  4- 6 |  7- 9 || total
---------------------------+-------+-------+-------++-------
  Melee: War axe           |   115 |   123 |   209 ||   447
  Throw: Boomerang         |       |    55 |    38 ||    93
    Use: Scroll            |     3 |     5 |     4 ||    12
         Potion            |       |     1 |     1 ||     2
 Armour: Scale mail        |    62 |     3 |       ||    65
         Chain mail        |       |    94 |    99 ||   193
  Dodge: Dodged            |    58 |    54 |    80 ||   192
  Block: Buckler           |    21 |    27 |    30 ||    78

Table legend:
 A = Non-vault XP
 B = Vault XP
 C = Vault XP percentage of total XP
 D = Non-vault monster count
 E = Vault monster count
 F = Vault count percentage of total count
                 A         B        C        D         E       F
            +---------+---------+-------+---------+---------+-------
      Total |     996 |     413 |  29.3 |      97 |      40 |  29.2
            +---------+---------+-------+---------+---------+-------
        D:1 |      32 |       0 |   0.0 |      18 |       0 |   0.0
        D:2 |      75 |      38 |  33.6 |      26 |       1 |   3.7
        D:3 |     202 |      36 |  15.1 |      20 |       1 |   4.8
        D:4 |     458 |      87 |  16.0 |      22 |      10 |  31.2
        D:5 |     229 |       0 |   0.0 |      11 |       0 |   0.0
    Ossuary |       0 |     252 | 100.0 |       0 |      28 | 100.0
            +---------+---------+-------+---------+---------+-------
